 Dungeon Crawl Stone Soup version 0.29.1-12-g30fa7ad0bf (webtiles) character file.

Game seed: 9536943942708680826

53 Peloso the Shield-Bearer (level 3, -2/33 HPs)
             Began as a Minotaur Fighter on Dec 23, 2022.
             Slain by a gnoll
             ... wielding a +0 flail
              (7 damage)
             ... on level 1 of the Dungeon.
             The game lasted 00:02:18 (1564 turns).

Peloso the Shield-Bearer (Minotaur Fighter)         Turns: 1564, Time: 00:02:19

Health: -2/33      AC:  7    Str: 20    XL:     3   Next: 62%
Magic:  2/2        EV:  9    Int:  5    God:
Gold:   36         SH:  4    Dex: 11    Spells: 2/2 levels left

rFire   + . .      SeeInvis .   a - +0 long sword
rCold   . . .      Faith    .   d - +0 buckler
rNeg    . . .      Spirit   .   c - +0 scale mail
rPois   .          Reflect  .   (helmet restricted)
rElec   .          Harm     .   (no cloak)
rCorr   .          Rampage  .   (no gloves)
Will    .....                   (no boots)
Stlth   ..........              (no amulet)
HPRegen 0.11/turn               e - ring of protection from fire
MPRegen 0.08/turn               (no ring)

@: no status effects
A: horns 2, retaliatory headbutt
a: no special abilities


You were on level 1 of the Dungeon.
You visited 1 branch of the dungeon, and saw 2 of its levels.

You collected 36 gold pieces.

Inventory:

Hand Weapons
 a - a +0 long sword (weapon)
 b - a +2 short sword of protection
Armour
 c - a +0 scale mail (worn)
 d - a +0 buckler (worn)
Jewellery
 e - a ring of protection from fire (left hand)
Scrolls
 h - a scroll of teleportation {unknown}
Potions
 f - a potion of curing {unknown}
 g - a potion of might
 i - a potion of mutation {unknown}


   Skills:
 + Level 4.1 Fighting
 + Level 3.1 Long Blades
 + Level 4.2 Armour
 + Level 0.3 Dodging
 + Level 0.1 Stealth
 + Level 4.2 Shields


You had 2 spell levels left.
You didn't know any spells.
Your spell library was empty.

Dungeon Overview and Level Annotations

Branches:
Dungeon (2/15)

Altars:


Innate Abilities, Weirdness & Mutations

You have a pair of horns on your head.
You reflexively headbutt those who attack you in melee.


Message History

The gnoll is severely wounded.
The gnoll hits you with a +0 whip.
The gnoll hits you from afar with a +0 spear.
You slash the gnoll!
You kill the gnoll!
You block the gnoll's attack.
The gnoll hits you from afar with a +0 spear!
Your Long Blades skill increases to level 3!
The gnoll closely misses you. You furiously retaliate!
You headbutt the gnoll.
Things that are here:
a +0 whip; a gnoll corpse; a giant cockroach corpse You slash the gnoll!
You kill the gnoll!
You slash the gnoll!
The gnoll is severely wounded.
The gnoll closely misses you. The gnoll attacks as you move away!
You block the gnoll's attack.
You see here 4 stones.
The gnoll attacks as you move away! The gnoll barely misses you.
The gnoll attacks as you move away! The gnoll closely misses you.
The gnoll attacks as you move away! The gnoll barely misses you.
You furiously retaliate!
You headbutt the gnoll, but do no damage.
The gnoll attacks as you move away! You block the gnoll's attack.
You see here a quokka corpse.
The gnoll attacks as you move away! You block the gnoll's attack.
The gnoll attacks as you move away! The gnoll hits you with a +0 flail.
The gnoll attacks as you move away! The gnoll hits you with a +0 flail!
The gnoll attacks as you move away! The gnoll hits you with a +0 flail!
* * * LOW HITPOINT WARNING * * *
There is a stone staircase leading up here.
You block the gnoll's attack.
You climb upwards.
There is a stone staircase leading down here.
You barely miss the gnoll.
The gnoll is severely wounded.
The gnoll hits you with a +0 flail.
* * * LOW HITPOINT WARNING * * *
The gnoll hits you with a +0 flail!
You die...

###### #....# #....#
#....# ######....#
#@g..'....########
#...##....#.......
####.#.......#.8.8.#+
#....###.....#..8..#.
#....####.##.#.8.8.##
#.....# #.##.#.......
#.....###..#.###...⌠.
######.......##...#
##....
#.....######.###..#
##.⌠.


You could see a gnoll.

Vanquished Creatures
  An adder (D:2)
  2 gnolls (D:2)
  A ball python (D:1)
  2 bats
  2 endoplasms (D:1)
  3 giant cockroaches
  2 hobgoblins (D:1)
  3 kobolds (D:1)
  2 quokkas (D:2)
  3 goblins (D:1)
  2 rats (D:1)
23 creatures vanquished.

Notes
Turn   | Place    | Note
-------+----------+-------------------------------------------
     0 | D:1      | Peloso the Minotaur Fighter began the quest for the Orb.
     0 | D:1      | Reached XP level 1. HP: 19/19 MP: 0/0
   497 | D:1      | Reached XP level 2. HP: 24/27 MP: 1/1
   910 | D:1      | Found a faded altar of an unknown god.
  1432 | D:2      | Identified the +4 ring mail "Ityxt" {rPois Stlth+}
  1478 | D:2      | Reached XP level 3. HP: 30/33 MP: 2/2
  1564 | D:1      | Slain by a gnoll

Illustrated notes

Levels and vault maps discovered:
D:1:      ncdulo_halloftheorcs, layout_basic, ebering_ecumenical_altar_rust
D:2:      layout_basic, serial_shops, shop, minmay_misc_feat_square

Skill      XL: |  1  2  3 |
---------------+----------+-----
Armour         | 4 |  4.2
Shields        | 4 |  4.2
Fighting       | 4 |  4.1
Long Blades    | 3 |  3.1
Dodging        | |  0.3
Stealth        | |  0.1

Action                   || total
-------------------------++-------
Melee: Long sword        ||    87
       Headbutt          ||    10
  Use: Scroll            ||     3
Armor: Scale mail        ||    34
Dodge: Dodged            ||    44
Block: Buckler           ||    32
